AoeStats
← ThePunisher1805

Oasis

509213729Analyzed
3v3 RM · 7d ago on Sep 25, 2026· 39m 37s· 6 players
Game mode
Random Map
Map size
Normal (6 player)
Population
200
Speed
Normal
Resources
Standard
Victory
Conquest
Starting age
Dark Age
Ending age
Imperial Age
RankedLock teamsTeams togetherTeam positionsShared explorationLock speedFull tech treeHidden civsTurbo modeCheats
Victory
Defeat
🇳🇱 Vietnamese · Netherlands
1105
+13
🇳🇱 Hindustanis · Netherlands
1085
+14
🇳🇱 Magyars · Netherlands
1048
+15
🇺🇸 Vikings · United States
1285
-24
🇺🇸 Britons · United States
915
-26
🇺🇸 Persians · United States
908
-21
MLGGandalf
3:46 Loom
11:06 Feudal Age
22:53 Castle Age
21:44 Scale Barding Armor
25:10 Chain Barding Armor
25:01 Forging
25:08 Bloodlines
25:01 Husbandry
27:00 Wheelbarrow
28:29 Double-Bit Axe
28:25 Horse Collar
29:24 Iron Casting
29:09 Town Watch
29:59 Bow Saw
30:31 Bloodlines
33:10 Hand Cart
32:48 Fletching
33:28 Bodkin Arrow
33:54 Padded Archer Armor
38:11 Imperial Age
38:06 Thumb Ring
39:51 Chemistry
39:12 Ballistics
40:06 Two-Man Saw
39:41 Conscription
39:35 Bracer
39:51 Leather Archer Armor
Tapi
8:56 Loom
10:44 Feudal Age
11:33 Loom
11:41 Gold Mining
11:36 Double-Bit Axe
13:18 Fletching
14:15 Horse Collar
21:57 Castle Age
20:18 Padded Archer Armor
22:36 Bodkin Arrow
22:50 Thumb Ring
22:09 Crossbowman
23:56 Wheelbarrow
23:39 Bow Saw
26:31 Thumb Ring
27:17 Hand Cart
27:46 Ballistics
28:30 Stone Mining
36:50 Imperial Age
40:13 Bracer
ThePunisher1805
13:40 Feudal Age
14:17 Horse Collar
14:25 Double-Bit Axe
23:27 Castle Age
22:07 Scale Barding Armor
23:23 Bloodlines
24:43 Bow Saw
24:56 Chain Barding Armor
26:45 Wheelbarrow
29:11 Light Cavalry
32:32 Husbandry
32:57 Heavy Plow
36:35 Hand Cart
37:21 Town Watch
Draconian946
6:15 Loom
9:53 Feudal Age
11:17 Double-Bit Axe
11:43 Horse Collar
15:12 Gold Mining
18:20 Castle Age
20:00 Bow Saw
19:50 Stone Mining
22:06 Scale Mail Armor
23:34 Chain Mail Armor
25:13 Squires
27:13 Heavy Plow
29:40 Gold Shaft Mining
29:52 Forging
29:33 Town Watch
30:43 Fletching
30:40 Elite Skirmisher
31:56 Ballistics
31:37 Bodkin Arrow
31:42 Padded Archer Armor
31:36 Pikeman
39:56 Imperial Age
Jawsh
8:52 Loom
10:37 Feudal Age
8:58 Loom
12:52 Double-Bit Axe
12:52 Horse Collar
18:08 Castle Age
18:48 Wheelbarrow
diamondback9112
4:59 Loom
12:19 Feudal Age
16:54 Castle Age
15:26 Double-Bit Axe
15:26 Horse Collar
23:17 Pikeman
23:54 Fletching
24:05 Padded Archer Armor
23:41 Crossbowman
Connection lost

Rejoining the realm…

Still unreachable

The connection could not be restored.

Session expired

The server has moved on; the page needs a fresh start.